 Dungeon Crawl Stone Soup version 0.30-a0-928-g7f6bbad527 (webtiles) character file.

Game seed: 17145970136251963728

959 Morbidden the Sneak (level 7, -3/52 HPs)
             Began as a Demonspawn Brigand on Mar 23, 2023.
             Was an Initiate of Cheibriados.
             Slain by an ogre
             ... wielding a +0 giant club
              (22 damage)
             ... on level 6 of the Dungeon.
             The game lasted 00:07:14 (5478 turns).

Morbidden the Sneak (Demonspawn Brigand)            Turns: 5478, Time: 00:07:15

Health: -3/52      AC:  9    Str: 12    XL:     7   Next: 92%
Magic:  0/10       EV: 12    Int: 15    God:    Cheibriados [......]
Gold:   1177       SH:  0    Dex: 16    Spells: 10/10 levels left

rFire   . . .      SeeInvis .    b - +1 dagger (venom)
rCold   . . .      Faith    .    (no shield)
rNeg    . . .      Spirit   +    D - +0 scale mail
rPois   .          Reflect  .    o - +0 helmet
rElec   .          Rampage  .    c - +0 cloak
rCorr   .                        x - +0 pair of gloves
Will    .....                    (no boots)
Stlth   ++                       n - amulet of guardian spirit
HPRegen 0.28/turn                (no ring)
MPRegen 0.12/turn                (no ring)

@: studying Short Blades, very slow
A: hooves 2, repulsion field 1, spiny 1
a: Renounce Religion


You were on level 6 of the Dungeon.
You worshipped Cheibriados.
Cheibriados was noncommittal.
You visited 2 branches of the dungeon, and saw 7 of its levels.

You collected 1177 gold pieces.

Inventory:

Hand Weapons
 a - a +2 dagger of pain
 b - a +1 dagger of venom (weapon)
 w - a +1 dagger of freezing
 y - a +0 long sword
Missiles
 d - 12 poisoned darts (quivered)
 e - 9 curare-tipped darts
 q - 6 javelins
Armour
 c - a +0 cloak (worn)
 o - a +0 helmet (worn)
 x - a +0 pair of gloves (worn)
 B - a +1 tower shield
 D - a +0 scale mail (worn)
Jewellery
 n - an amulet of guardian spirit (around neck)
Scrolls
 i - 2 scrolls of teleportation
 v - 3 scrolls of immolation {unknown}
 z - 4 scrolls of identify {unknown}
 A - a scroll of butterflies {unknown}
 C - a scroll of brand weapon {unknown}
Potions
 h - a potion of might
 j - a potion of flight
 m - 2 potions of heal wounds {unknown}
 p - a potion of lignification {unknown}


   Skills:
 * Level 3.0 Fighting
 * Level 4.3(4.5) Short Blades
 * Level 2.1(3.5) Long Blades
 * Level 3.1 Throwing
 * Level 1.9 Armour
 * Level 3.0 Dodging
 + Level 4.7 Stealth
 * Level 1.1 Shields
 * Level 2.2 Spellcasting
 * Level 2.3 Necromancy


You had 10 spell levels left.
You didn't know any spells.
Your spell library contained the following spells:

 Spells                   Type           Power      Damage    Failure   Level
 Kiss of Death            Conj/Necr      20%        2d7       56%         1
 Blink                    Tloc           2%         N/A       86%         2
 Confusing Touch          Hex            1%         N/A       98%         3
 Dispel Undead            Necr           8%         3d8       99%         4
 Anguish                  Hex/Necr       2%         N/A       100%        4
 Animate Armour           Summ/Erth      2%         N/A       100%        4
 Manifold Assault         Tloc           1%         N/A       100%        4
 Blade Hands              Tmut           0%         N/A       100%        5
 Iron Shot                Conj/Erth      0%         9d1       100%        6
 Enfeeble                 Hex            0%         N/A       100%        7
 Storm Form               Tmut/Air       0%         N/A       100%        7


Dungeon Overview and Level Annotations

Branches:
Dungeon (6/15)             Temple (1/1) D:5

Altars:
Ashenzari
Cheibriados
Gozag
Hepliaklqana
Kikubaaqudgha
Makhleb
Okawaru
Ru
Sif Muna
Uskayaw
Vehumet
Wu Jian

Annotations:
D:3 3 runed translucent doors, spyp's ghost, amateur FoHu
D:6 2 runed translucent doors, Qestes's ghost, novice MiFi


Innate Abilities, Weirdness & Mutations

You have hoof-like feet.
You are surrounded by a mild repulsion field. (EV +2)
You are partially covered in sharp spines.


Message History

You hit the kobold.
The kobold is poisoned.
You kick the kobold.
You kill the kobold!
Cheibriados thoroughly appreciates the change of pace.
Unknown command.
You closely miss the kobold. The kobold barely misses you.
Unknown command.
You completely miss the kobold. Your kick misses the kobold.
The kobold hits you but does no damage.
You hit the kobold.
You kill the kobold!
Cheibriados appreciates the change of pace.
The ogre is struck by your spines. The ogre hits you with a +0 giant club!
Unknown command.
Unknown command.
You hit the ogre but do no damage.
The ogre is lightly wounded.
The ogre hits you with a +0 giant club!
You hit the ogre but do no damage.
The ogre is poisoned.
The ogre is lightly wounded.
The kobold barely misses you.
You hit the ogre.
The ogre looks as sick as possible!
The ogre is moderately wounded.
The kobold is struck by your spines. The kobold barely misses you.
The kobold hits you but does no damage. The ogre is struck by your spines.
The ogre hits you with a +0 giant club!!
* * * LOW HITPOINT WARNING * * *
Unknown command.
Unknown command.
Unknown command.
Unknown command.
Okay, then.
You aren't carrying any items that you can evoke.
Unknown command.
Okay, then.
You feel better. The kobold is struck by your spines.
You kill the kobold!
Cheibriados appreciates the change of pace.
The kobold barely misses you. The ogre is struck by your spines.
The ogre hits you with a +0 giant club!!
You die...

#########.##
#§§# ##§## #§§#
. ##§# ... #§#
....# #§#
......####.###
#.O@K#.#.+##
####KK)....##
.#######.#..###
K.K.Y.K)))......
.#######..K..###
##.##...K .# ##.
.K ...


You could see an ogre (extremely poisoned) and 3 kobolds.

Vanquished Creatures
  A water moccasin (D:5)
  A sky beast (D:6)
  An ice beast (D:6)
  2 kobold brigands (D:6)
  A scorpion (D:5)
  2 hounds (D:5)
  2 jellies (D:4)
  An iguana (D:5)
  Jessica (D:2)
  2 orc wizards
  Robin (D:2)
  7 adders
  4 gnolls (D:3)
  An ufetubus (D:4)
  2 worms
  2 dart slugs (D:1)
  6 orcs
  4 ball pythons
  6 bats
  11 endoplasms
  5 giant cockroaches
  15 goblins
  11 hobgoblins
  8 jackals
  8 quokkas
  4 frilled lizards
  16 kobolds
  4 rats
129 creatures vanquished.

Vanquished Creatures (others)
  5 plants (D:2)
5 creatures vanquished.

Grand Total: 134 creatures vanquished

Notes
Turn   | Place    | Note
-------+----------+-------------------------------------------
     0 | D:1      | Morbidden the Demonspawn Brigand began the quest for the
                  | Orb.
     0 | D:1      | Reached XP level 1. HP: 16/16 MP: 1/1
   152 | D:1      | Gained mutation: You have large cloven feet. [demonic
                  | ancestry]
   152 | D:1      | Reached XP level 2. HP: 16/22 MP: 2/2
   217 | D:1      | Reached skill level 1 in Dodging
   551 | D:1      | Gained mutation: You have hoof-like feet. [demonic
                  | ancestry]
   551 | D:1      | Reached XP level 3. HP: 27/27 MP: 2/4
  1136 | D:2      | Noticed Robin
  1151 | D:2      | Killed Robin
  1305 | D:2      | Reached skill level 1 in Spellcasting
  1305 | D:2      | Reached XP level 4. HP: 28/33 MP: 5/5
  1365 | D:2      | Noticed Jessica
  1374 | D:2      | Killed Jessica
  1523 | D:2      | Found a faded altar of an unknown god.
  1549 | D:2      | Reached skill level 1 in Long Blades
  2177 | D:3      | Found a sacrificial altar of Ru.
  2193 | D:3      | Reached skill level 1 in Necromancy
  2193 | D:3      | Gained mutation: You are partially covered in sharp spines.
                  | [demonic ancestry]
  2193 | D:3      | Reached XP level 5. HP: 38/38 MP: 6/6
  2341 | D:3      | Found a runed translucent gate.
  2341 | D:3      | Found a runed translucent gate.
  2347 | D:3      | Noticed spyp's ghost (amateur FoHu)
  2417 | D:3      | Found a hide-covered altar of Uskayaw.
  2417 | D:3      | Found an ornate altar of the Wu Jian Council.
  2430 | D:3      | Found a runed translucent gate.
  2586 | D:3      | Found an iron altar of Okawaru.
  2969 | D:3      | Found an iron altar of Okawaru.
  3029 | D:3      | Found a hide-covered altar of Uskayaw.
  3029 | D:3      | Found an ornate altar of the Wu Jian Council.
  3086 | D:3      | Found a sacrificial altar of Ru.
  3478 | D:4      | Found a shimmering blue altar of Sif Muna.
  3491 | D:4      | Reached skill level 1 in Armour
  3561 | D:4      | Found a broken altar of Ashenzari.
  3725 | D:4      | Reached XP level 6. HP: 45/45 MP: 8/8
  3802 | D:4      | Found an ancient bone altar of Kikubaaqudgha.
  4059 | D:4      | Found an opulent altar of Gozag.
  4202 | D:5      | Entered Level 5 of the Dungeon
  4926 | D:5      | Gained mutation: You are surrounded by a mild repulsion
                  | field. (EV +2) [demonic ancestry]
  4926 | D:5      | Reached XP level 7. HP: 44/51 MP: 7/9
  5213 | D:5      | Found a staircase to the Ecumenical Temple.
  5219 | Temple   | Entered the Ecumenical Temple
  5276 | Temple   | Became a worshipper of Cheibriados the Contemplative
  5394 | D:6      | Found a large runed translucent door.
  5394 | D:6      | Found a large runed translucent door.
  5417 | D:6      | Identified 2 scrolls of acquirement
  5417 | D:6      | Acquired a manual of Short Blades
  5420 | D:6      | Noticed Qestes's ghost (novice MiFi)
  5423 | D:6      | Acquired 956 gold pieces
  5463 | D:6      | Reached skill level 1 in Shields
  5478 | D:6      | Slain by an ogre

Illustrated notes

Levels and vault maps discovered:
D:1:      sevenhm_arrival_forest_fort_small_4, layout_loops_corners,
          st_stairs_6, nicolae_figureground_pulse
D:2:      layout_loops_cross, serial_forest, infiniplex_forest_clump_long,
          infiniplex_forest_split, infiniplex_forest_lined_room_,
          infiniplex_forest_clump_diagonal, infiniplex_forest_corner_1,
          infiniplex_forest_straight_2, shapermc_ecumenical_altar_pompeii,
          uniq_jessica, uniq_robin
D:3:      layout_loops_cross, mainiacjoe_overflow_boulevard,
          nicolae_ru_great_annihilating_truth, okawaru_ov_weapons_minmay,
          nicolae_overflow_two_pavilions, gammafunk_ghost_split
D:4:      layout_rooms, mainiacjoe_overflow_small_starburst,
          lemuel_coloured_pillars_altar, kiku_gazebo_garden_becter,
          old_standard_altar
D:5:      layout_cave_pods, minmay_temple_entry_enclosed_plants,
          amethyst_killhole
D:6:      layout_rooms, ebering_ghost_disaster_area,
          nicolae_ossuary_entry_false_entrances, item_on_display_a
Temple:   hellmonk_temple_beads

Skill      XL: |  1  2  3  4  5  6  7 |
---------------+----------------------+-----
Dodging        | 1 2 3 |  3.0
Short Blades   | 2 3 4 |  4.3
Stealth        | 4 |  4.7
Throwing       | 2 3 |  3.1
Spellcasting   | 1 2 |  2.2
Long Blades    | 1 2 |  2.1
Necromancy     | 1 2 |  2.3
Armour         | 1 |  1.9
Fighting       | 3 |  3.0
Shields        | 1 |  1.1

Action                     |  1- 3 |  4- 6 |  7- 9 || total
---------------------------+-------+-------+-------++-------
  Melee: Dagger            |   143 |   178 |    44 ||   365
         Kick              |    23 |    47 |    12 ||    82
         Punch             |     2 |     3 |     1 ||     6
  Throw: Dart              |     6 |    24 |     4 ||    34
    Use: Scroll            |       |       |     8 ||     8
         Potion            |       |       |     4 ||     4
   Stab: Sleeping          |     5 |    10 |       ||    15
         Paralysed         |       |     1 |       ||     1
 Armour: Robe              |    28 |    47 |       ||    75
         Scale mail        |       |       |    16 ||    16
  Dodge: Dodged            |    84 |   105 |    22 ||   211

Table legend: (Time is in decaauts)
 A = Elapsed time spent in this place.
 B = Non-inter-level travel time spent in this place.
 C = Inter-level travel time spent in this place.
 D = Time resting spent in this place.
 E = Time spent auto-exploring this place.
 F = Levels seen in this place.
 G = Mean time per level.
                   A        B        C        D        E       F      G
               +--------+--------+--------+--------+--------+-----+--------+
         Total |   5463 |   5234 |    229 |     57 |   4217 |   7 |  780.4 |
       Dungeon |   5344 |   5176 |    168 |     57 |   4169 |   6 |  890.7 |
        Temple |    119 |     59 |     60 |      0 |     48 |   1 |  119.0 |
               +--------+--------+--------+--------+--------+-----+--------+

Top non-repeatable levels by time:
     D:3: 1433 daAuts
     D:1: 1103 daAuts
     D:5: 1091 daAuts
     D:2: 959 daAuts
     D:4: 676 daAuts
  Temple: 119 daAuts
     D:6: 81 daAuts
